 Dungeon Sprint DCSS version 0.19.1 (webtiles) character file.

251866 Groucho the Intangible (level 17, -1/104 HPs)
             Began as a Felid Berserker on Dec 19, 2016.
             Was the Champion of Trog.
             Slain by an Orb Guardian (39 damage)
             ... in the Dungeon (Sprint IX: "|||||||||||||||||||||||||||||").
             The game lasted 00:31:41 (16324 turns).

Groucho the Intangible (Felid Berserker)           Turns: 16324, Time: 00:31:42

Health: -1/104     AC:  3    Str: 17    XL:     17   Next: 30%
Magic:  0/49       EV: 47    Int:  5    God:    Trog [******]
Gold:   1905       SH:  0    Dex: 24    Spells: 0 memorised, 70 levels left
                                        Lives:  0   Deaths: 5

rFire  + . .     SeeInvis +       - Unarmed
rCold  . . .     Gourm    .     (armour unavailable)
rNeg   + + .     Faith    .     (shield unavailable)
rPois  +         Spirit   +     (helmet unavailable)
rElec  .         Reflect  .     (cloak unavailable)
rCorr  .         Harm     .     (gloves unavailable)
MR     ++++.     Rnd*Rage +     (boots unavailable)
Stlth  +++++++++. NoTele   +    r - amulet of guardian spirit
                                h - +4 ring of evasion
                                x - ring "Ocyibrux" {Fire rN++ Int-4 Dex+8 Stlth-}

@: exhausted, regenerating, slowed, slow
A: no armour, no weapons or thrown items, stealth, antennae 1, claws 1, fangs 3,
see invisible, berserk 1, carnivore 3, clumsy 1, speed 1, poison resistance,
shaggy fur 3, slow metabolism 1, MP-powered wands, sharp paws
a: Berserk, Trog's Hand, Brothers in Arms, Burn Spellbooks, Renounce Religion
}: 5/15 runes: decaying, serpentine, barnacled, silver, gossamer


You were in the Dungeon.
You worshipped Trog.
Trog was exalted by your worship.
You were not hungry.

You visited 1 branch You collected 1905 gold pieces.

Inventory:

Jewellery
 h - a +4 ring of evasion (right paw)
 l - a +3 ring of dexterity
 q - an uncursed ring of fire
 r - an amulet of guardian spirit (around neck)
 x - the ring "Ocyibrux" (left paw) {Fire rN++ Int-4 Dex+8 Stlth-}
   (You found it in the Dungeon)

   [ring of fire]

   It enhances your fire magic.
   It affects your intelligence (-4).
   It affects your dexterity (+8).
   It protects you from fire.
   It makes you vulnerable to cold.
   It greatly protects you from negative energy.
   It makes you less stealthy.
 y - a +3 ring of slaying
 z - the ring "Ziraupp" {rC++ Str+3 Int+4}
   (You found it in the Dungeon)

   [ring of strength]

   It affects your strength (+3).
   It affects your intelligence (+4).
   It greatly protects you from cold.
 A - the ring "Womona" {Wiz +Inv rF+}
   (You found it in the Dungeon)

   [ring of wizardry]

   It improves your spell success rate.
   It protects you from fire.
   It lets you turn invisible.
 B - the amulet of the Stallion {Reflect Int+5 SH+5}
   (You found it in the Dungeon)

   [amulet of reflection]

   It shields you and reflects attacks.
   It affects your intelligence (+5).
   It affects your SH (+5).
Wands
 d - a wand of iceblast (0/15)
 j - a wand of iceblast (7/15)
 p - a wand of lightning (0/15)
 w - a wand of slowing (19/48)
 E - a wand of hasting (5/9)
Scrolls
 c - 3 scrolls of magic mapping {unknown}
 g - a scroll of blinking
 i - 8 scrolls of remove curse
 u - 2 scrolls of fear
 v - 5 scrolls of recharging
 D - a scroll of fog
Potions
 b - 6 potions of curing
 e - 4 potions of magic
 k - 4 potions of cure mutation
 m - 4 potions of might
 n - a potion of berserk rage
 o - 2 potions of resistance
 t - 2 potions of brilliance
Comestibles
 a - 4 meat rations


   Skills:
 O Level 27 Fighting
 O Level 27 Dodging
 O Level 27 Stealth
 O Level 27 Unarmed Combat
 O Level 27 Spellcasting
 O Level 27 Evocations


You had 70 spell levels left.
You didn't know any spells.

Dungeon Overview and Level Annotations

Branches:
Dungeon (1/1)

Altars:
Cheibriados
Dithmenos
Elyvilon
Fedhas
Gozag
Hepliaklqana
Kikubaaqudgha
Makhleb
Nemelex Xobeh
Okawaru
Qazlal
Ru
Sif Muna
Trog
Uskayaw
Vehumet
Xom
Yredelemnul
Zin
The Shining One
Beogh
Jiyva
Lugonu

Shops:
D *%(*


Innate Abilities, Weirdness & Mutations

You cannot wear armour.
You are incapable of wielding weapons or throwing items.
Your paws allow you to move quietly. (Stealth)
You have sharp claws.
You have razor-sharp teeth.
You have supernaturally acute eyesight. (SInv)
You are carnivorous and can eat meat at any time.
You cover ground quickly.
Your thick and shaggy fur keeps you warm. (AC +3, rC+)
You have a slow metabolism.
Your sharp claws are effective at attacking unaware monsters.
You have a pair of small antennae on your head.
You tend to lose your temper in combat.
You are clumsy. (Dex -2)
Your system is resistant to poisons. (rPois)
You expend magic power (3 MP) to strengthen your wands.


Message History

The Orb Guardian hits your stone giant!!!
Your stone giant closely misses the Orb Guardian.
The moth of wrath goads the Orb Guardian on!
The Orb Guardian goes berserk!
The Orb Guardian completely misses your stone giant.
You feel the effects of Trog's Hand fading.
The Orb Guardian hits your stone giant!!!
Your stone giant dies!
Your stone giant's corpse disappears in a puff of smoke!
The Orb Guardian completely misses you. The Orb Guardian completely misses you.
The Orb Guardian misses you.
The moth of wrath goads the Orb Guardian on!
The Orb Guardian goes berserk!
The Orb Guardian completely misses you.
Your skin crawls.
You feel resistant to hostile enchantments.
You feel somewhat more hungry.
The Orb Guardian completely misses you. x3
Your hill giant goes berserk!
You feel somewhat more hungry. The Orb Guardian completely misses you.
The Orb Guardian hits you!!!
You die...

▓▓▓▓▓▓▓▓▓▓▓▓▓▓▓▓▓▓▓▓▓▓▓▓▓
[.[...........'C@XXy.0... {{{
▓▓▓▓▓▓▓▓▓▓▓▓▓▓▓▓▓▓▓▓▓▓▓▓▓▓▓▓▓▓▓▓▓
................................▓
▓▓▓▓▓▓▓▓▓▓▓▓▓▓▓▓▓▓▓▓▓▓▓▓▓▓▓▓▓▓▓.▓
[[.....'......)[['....[))[)[....▓
▓▓▓▓▓▓▓▓▓▓▓▓▓▓▓▓▓▓▓▓▓▓▓▓▓▓▓▓▓▓▓▓▓
............)...........)....÷..▓
▓▓▓▓▓▓▓▓▓▓▓▓▓▓▓▓▓▓▓▓▓▓▓▓▓▓▓▓▓▓▓.▓
[.............)..?.....}.'....O.▓


You could see 2 Orb Guardians, a moth of wrath and a friendly hill giant
(berserk).

Vanquished Creatures
  2 orbs of fire (D)
  2 ancient liches (D)
  Mara (D)
  Sojobo (D)
  Frederick (D)
  Boris (D)
  Saint Roka (D)
  6 golden dragons (D)
  Nikola (D)
  Jory (D)
  A bone dragon (D)
  A lich (D)
  2 electric golems (D)
  5 tentacled monstrosities (D)
  3 quicksilver dragons (D)
  21 Orb Guardians (D)
  2 sphinxes (D)
  5 death cobs (D)
  Agnes (D)
  5 storm dragons (D)
  4 tengu reavers (D)
  7 shadow dragons (D)
  3 draconian monks (D)
  A fire giant (D)
  6 ghost moths (D)
  A vault warden (D)
  6 nagarajas (D)
  A draconian zealot (D)
  2 draconian knights (D)
  A frost giant (D)
  7 emperor scorpions (D)
  Louise (D)
  2 draconian annihilators (D)
  2 very ugly things (D)
  A green draconian (D)
  3 ironheart preservers (D)
  2 stone giants (D)
  3 purple draconians (D)
  An entropy weaver (D)
  A yellow draconian (D)
  A red draconian (D)
  2 spark wasps (D)
  3 black draconians (D)
  4 white draconians (D)
  3 mottled draconians (D)
  Snorg (D)
  2 ettins (D)
  4 great orbs of eyes (D)
  2 merfolk impalers (D)
  4 yaktaur captains (D)
  25 vault guards (D)
  A fire dragon (D)
  4 ice dragons (D)
  7 hydras (D)
  A spriggan air mage (D)
  A naga warrior (D)
  2 centaur warriors (D)
  5 ogre magi (D)
  2 death knights (D)
  2 deep troll shamans (D)
  A deep troll earth mage (D)
  A shock serpent (D)
  2 deep elf knights (D)
  Sonja (D)
  A glowing orange brain (D)
  2 deep trolls (D)
  2 flayed ghosts (D)
  A hill giant (shapeshifter) (D)
  A wizard (D)
  6 swamp dragons (D)
  An ironbrand convoker (D)
  5 hill giants (D)
  2 orc knights (D)
  5 lindwurms (D)
  7 moths of wrath (D)
  3 wolf spiders (D)
  2 ugly things (D)
  A faun (shapeshifter) (D)
  A cyclops (D)
  An elephant (D)
  A manticore (D)
  Joseph (D)
  4 black mambas (D)
  2 guardian serpents (D)
  4 naga magi (D)
  2 vault sentinels (D)
  Psyche (D)
  A spiny frog (D)
  A rime drake (D)
  2 yaktaurs (D)
  2 demonic crawlers (D)
  A yaktaur (shapeshifter) (D)
  A freezing wraith (D)
  2 jumping spiders (D)
  A merfolk (shapeshifter) (D)
  2 tyrant leeches (D)
  A queen bee (shapeshifter) (D)
  3 hornets (D)
  4 trolls (D)
  3 slime creatures (D)
  A merfolk (D)
  A snapping turtle (D)
  2 hippogriffs (D)
  A tarantella (D)
  3 yaks (D)
  A basilisk (D)
  3 nagas (D)
  A water moccasin (D)
  9 orc warriors (D)
  A sky beast (D)
  A swamp drake (D)
  A wolf (D)
  An eye of draining (shapeshifter) (D)
  An ogre (shapeshifter) (D)
  A centaur (D)
  A big kobold (D)
  3 crocodiles (D)
  7 bullfrogs (D)
  A scorpion (D)
  A howler monkey (D)
  2 crimson imps (D)
  5 orc priests (D)
  4 orc wizards (D)
  3 worms (D)
  An adder simulacrum (D)
  6 orcs (D)
  A hobgoblin (D)
  A ball python (D)
  2 goblins (D)
  A kobold (D)
  3 leopard gecko zombies (D)
349 creatures vanquished.

Vanquished Creatures (collateral kills)
  2 Orb Guardians (D)
  A shadow dragon (D)
  Ilsuiw (D)
  2 frost giants (D)
  An emperor scorpion (D)
  A merfolk impaler (D)
  A yaktaur captain (D)
  3 merfolk javelineers (D)
  2 merfolk avatars (D)
  An alligator (D)
  4 merfolk aquamancers (D)
  A spriggan druid (D)
  An orc knight (D)
  A hill giant (D)
  An ugly thing (D)
  An orb spider (D)
  A siren (D)
  A guardian serpent (D)
  A water nymph (D)
  2 spiny frogs (D)
  2 wind drakes (D)
  2 merfolk (D)
  A yak (D)
  2 vampire mosquitoes (D)
  A naga (D)
  6 orc warriors (D)
  A swamp drake (D)
  A phantom (D)
  A boggart (D)
46 creatures vanquished.

Vanquished Creatures (others)
  A necromancer (D)
1 creature vanquished.

Grand Total: 396 creatures vanquished

Notes
Turn   | Place    | Note
-------+----------+-------------------------------------------
     0 | D        | Groucho the Felid Berserker began the quest for the Orb.
     0 | D        | Reached XP level 1. HP: 10/10 MP: 2/2
     8 | D        | Reached skill level 1 in Stealth
     9 | D        | Reached ** piety under Trog
   373 | D        | Noticed a crimson imp
   373 | D        | Noticed a scorpion
   373 | D        | Noticed a centaur
   377 | D        | Killed a crimson imp
   377 | D        | Reached skill level 5 in Dodging
   377 | D        | Reached skill level 5 in Unarmed Combat
   377 | D        | Reached XP level 2. HP: 15/15 MP: 3/3
   377 | D        | Reached XP level 3. HP: 18/18 MP: 4/4
   383 | D        | Killed a scorpion
   383 | D        | Reached *** piety under Trog
   383 | D        | Reached skill level 5 in Stealth
   383 | D        | Reached XP level 4. HP: 22/22 MP: 5/5
   388 | D        | Killed a centaur
   388 | D        | Reached skill level 5 in Fighting
   388 | D        | Reached XP level 5. HP: 24/27 MP: 6/6
   412 | D        | Found a roughly hewn altar of Beogh.
   412 | D        | Found a snail-covered altar of Cheibriados.
   412 | D        | Found a shadowy altar of Dithmenos.
   412 | D        | Found a white marble altar of Elyvilon.
   412 | D        | Found a blossoming altar of Fedhas.
   412 | D        | Found an opulent altar of Gozag.
   413 | D        | Found a hazy altar of Hepliaklqana.
   414 | D        | Found a viscous altar of Jiyva.
   415 | D        | Found an ancient bone altar of Kikubaaqudgha.
   416 | D        | Found a corrupted altar of Lugonu.
   417 | D        | Found a burning altar of Makhleb.
   418 | D        | Found a sparkling altar of Nemelex Xobeh.
   419 | D        | Found an iron altar of Okawaru.
   420 | D        | Found a stormy altar of Qazlal.
   421 | D        | Found a sacrificial altar of Ru.
   422 | D        | Found a deep blue altar of Sif Muna.
   423 | D        | Found a bloodstained altar of Trog.
   424 | D        | Found a hide-covered altar of Uskayaw.
   425 | D        | Found a radiant altar of Vehumet.
   426 | D        | Found a shimmering altar of Xom.
   427 | D        | Found a basalt altar of Yredelemnul.
   428 | D        | Found a glowing silver altar of Zin.
   429 | D        | Found a glowing golden altar of the Shining One.
   569 | D        | Noticed a sky beast
   569 | D        | Noticed a phantom
   569 | D        | Noticed a yak
   575 | D        | Reached **** piety under Trog
   575 | D        | Gained mutation: You are covered in thick fur. (AC +2) [Felid growth]
   575 | D        | Reached XP level 6. HP: 31/31 MP: 7/7
   583 | D        | Killed a sky beast
   591 | D        | Killed a yak
   983 | D        | Noticed a troll
   983 | D        | Noticed a yak
   983 | D        | Noticed a brown ugly thing
   983 | D        | Noticed a hornet
   985 | D        | Killed a troll
   985 | D        | Reached skill level 10 in Dodging
   985 | D        | Reached skill level 10 in Stealth
   985 | D        | Reached skill level 10 in Unarmed Combat
   985 | D        | Reached XP level 7. HP: 36/36 MP: 8/8
   992 | D        | Killed a yak
   996 | D        | Killed a brown ugly thing
   996 | D        | Reached ***** piety under Trog
   996 | D        | Reached XP level 8. HP: 42/42 MP: 9/9
  1006 | D        | Killed a hornet
  1264 | D        | Noticed a rime drake
  1278 | D        | Noticed a black mamba
  1282 | D        | Killed a rime drake
  1282 | D        | Reached XP level 9. HP: 44/46 MP: 10/10
  1284 | D        | Reached ****** piety under Trog
  1288 | D        | Reached skill level 10 in Fighting
  1292 | D        | Killed a black mamba
  1295 | D        | Noticed an elephant
  1297 | D        | Noticed a lindwurm
  1308 | D        | Killed an elephant
  1310 | D        | Killed a lindwurm
  1310 | D        | Reached XP level 10. HP: 31/52 MP: 11/11
  1314 | D        | Noticed a lindwurm
  1314 | D        | Noticed a lindwurm
  1314 | D        | Noticed a lindwurm
  1314 | D        | Noticed a lindwurm
  1318 | D        | Killed a lindwurm
  1318 | D        | Reached skill level 15 in Unarmed Combat
  1320 | D        | Killed a lindwurm
  1320 | D        | Reached skill level 15 in Stealth
  1322 | D        | Killed a lindwurm
  1324 | D        | Killed a lindwurm
  1771 | D        | Reached skill level 15 in Dodging
  1792 | D        | Noticed an orc knight
  1795 | D        | Killed an orc knight
  2006 | D        | Found Zouh's General Store.
  2006 | D        | Noticed a deep troll
  2006 | D        | Noticed a hill giant
  2006 | D        | Noticed a hill giant
  2009 | D        | Reached XP level 11. HP: 57/57 MP: 12/12
  2010 | D        | Noticed an ogre mage
  2013 | D        | Killed a deep troll
  2014 | D        | Noticed an ogre mage
  2017 | D        | Found Hautod's Food Shoppe.
  2021 | D        | Killed a hill giant
  2025 | D        | Killed a hill giant
  2026 | D        | Found Kyadeowk's Antique Weapon Emporium.
  2026 | D        | Noticed a deep troll
  2030 | D        | Killed an ogre mage
  2034 | D        | Killed an ogre mage
  2036 | D        | Found Uwupy's General Store.
  2040 | D        | Killed a deep troll
  2213 | D        | Noticed a hill giant
  2214 | D        | Noticed a hill giant
  2216 | D        | Noticed an ogre mage
  2217 | D        | Noticed a hill giant
  2225 | D        | Killed a hill giant
  2228 | D        | Killed a hill giant
  2240 | D        | Killed an ogre mage
  2242 | D        | Killed a hill giant
  2617 | D        | Noticed Psyche
  2626 | D        | Killed Psyche
  2662 | D        | Noticed Sonja
  2669 | D        | Killed Sonja
  2985 | D        | Noticed an orc knight
  2985 | D        | Noticed a six-headed hydra
  2992 | D        | Killed an orc knight
  2992 | D        | Reached skill level 1 in Spellcasting
  2994 | D        | Killed a six-headed hydra
  2995 | D        | Noticed a white ugly thing
  2996 | D        | Noticed a hill giant
  2998 | D        | Gained mutation: Your thick and shaggy fur keeps you warm. (AC +3, rC+) [Felid growth]
  2998 | D        | Reached XP level 12. HP: 64/64 MP: 10/16
  3001 | D        | Noticed a yaktaur captain
  3003 | D        | Noticed a frost giant
  3025 | D        | Killed a yaktaur captain
  3033 | D        | Killed a frost giant
  3053 | D        | Noticed an ettin
  3071 | D        | Slain by an ettin
  3072 | D        | Reached XP level 11. HP: -3/60 MP: 0/18
  3298 | D        | Killed an ettin
  3298 | D        | Reached skill level 5 in Spellcasting
  3412 | D        | Noticed Joseph
  3419 | D        | Killed Joseph
  3444 | D        | Noticed a merfolk avatar
  3463 | D        | Killed a merfolk avatar
  3463 | D        | Reached skill level 15 in Fighting
  3678 | D        | Noticed an alligator
  3678 | D        | Noticed a spriggan druid
  3688 | D        | Killed an alligator
  3700 | D        | Killed a spriggan druid
  4100 | D        | Noticed a shock serpent
  4119 | D        | Killed a shock serpent
  4361 | D        | Reached XP level 12. HP: 63/66 MP: 20/22
  4409 | D        | Gained mutation: You passively map a small area around you. [mutagenic meat]
  4410 | D        | Gained mutation: You are frail. (-10% HP) [mutagenic meat]
  4412 | D        | Gained mutation: You are clumsy. (Dex -2) [mutagenic meat]
  4413 | D        | Gained mutation: Your mind is acute. (Int +2) [mutagenic meat]
  4413 | D        | Lost mutation: You are clumsy. (Dex -2) [potion of cure mutation]
  4413 | D        | Lost mutation: You are frail. (-10% HP) [potion of cure mutation]
  4413 | D        | Lost mutation: You passively map a small area around you. [potion of cure mutation]
  4413 | D        | Lost mutation: Your mind is acute. (Int +2) [potion of cure mutation]
  4425 | D        | Noticed a ghost moth
  4425 | D        | Noticed an emperor scorpion
  4426 | D        | Noticed an entropy weaver
  4433 | D        | Killed a ghost moth
  4633 | D        | Killed an emperor scorpion
  4643 | D        | Killed an entropy weaver
  5089 | D        | Noticed Snorg
  5096 | D        | Killed Snorg
  5119 | D        | Noticed Agnes
  5144 | D        | Killed Agnes
  5220 | D        | Noticed a great orb of eyes
  5220 | D        | Noticed a sphinx
  5220 | D        | Noticed an ice dragon
  5220 | D        | Noticed a tengu reaver
  5220 | D        | Noticed a deep troll earth mage
  5225 | D        | Killed a great orb of eyes
  5228 | D        | Noticed a frost giant
  5228 | D        | Killed a sphinx
  5232 | D        | Noticed a storm dragon
  5236 | D        | Killed an ice dragon
  5245 | D        | Killed a tengu reaver
  5245 | D        | Reached XP level 13. HP: 71/71 MP: 18/27
  5254 | D        | Noticed a spark wasp
  5257 | D        | Noticed a brown very ugly thing
  5260 | D        | Killed a frost giant
  5268 | D        | Killed a storm dragon
  5367 | D        | Killed a brown very ugly thing
  5367 | D        | Reached skill level 10 in Spellcasting
  5488 | D        | Killed a spark wasp
  5665 | D        | Noticed a fire dragon
  5672 | D        | Killed a fire dragon
  6190 | D        | Noticed a fire giant
  6216 | D        | Killed a fire giant
  6865 | D        | Noticed Frederick
  6882 | D        | Killed Frederick
  6882 | D        | Reached XP level 14. HP: 78/78 MP: 18/31
  7293 | D        | Noticed Mara
  7306 | D        | Noticed Groucho's illusion
  7343 | D        | Noticed Groucho's illusion
  7895 | D        | Killed Mara
  8069 | D        | Noticed a ghost moth
  8069 | D        | Noticed an emperor scorpion
  8069 | D        | Noticed an emperor scorpion
  8069 | D        | Noticed an emperor scorpion
  8070 | D        | Noticed a ghost moth
  8072 | D        | Noticed a ghost moth
  8073 | D        | Killed a ghost moth
  8075 | D        | Killed an emperor scorpion
  8076 | D        | Noticed an emperor scorpion
  8079 | D        | HP: 4/117 [emperor scorpion (41)]
  8079 | D        | Mangled by an emperor scorpion
  8080 | D        | Reached XP level 13. HP: -12/111 MP: 0/30
  8248 | D        | Killed an emperor scorpion
  8324 | D        | Killed an emperor scorpion
  8387 | D        | Noticed an emperor scorpion
  8392 | D        | Killed a ghost moth
  8396 | D        | Killed an emperor scorpion
  8399 | D        | Killed a ghost moth
  8409 | D        | Killed an emperor scorpion
  8415 | D        | Gained mutation: Your system is resistant to poisons. (rPois) [mutagenic meat]
  8416 | D        | Gained mutation: You possess an exceptional clarity of mind. [mutagenic meat]
  8417 | D        | Gained mutation: You are clumsy. (Dex -2) [mutagenic meat]
  8527 | D        | Noticed an emperor scorpion
  8528 | D        | Noticed an emperor scorpion
  8543 | D        | Killed an emperor scorpion
  8569 | D        | Killed an emperor scorpion
  8575 | D        | Got a gossamer rune of Zot
  8861 | D        | Noticed a merfolk javelineer
  8861 | D        | Noticed a merfolk javelineer
  8861 | D        | Noticed a merfolk javelineer
  8861 | D        | Noticed a merfolk impaler
  8863 | D        | Noticed Ilsuiw
  8867 | D        | Killed a merfolk javelineer
  8879 | D        | Killed Ilsuiw
  8879 | D        | Reached XP level 14. HP: 79/79 MP: 28/32
  8921 | D        | Got a barnacled rune of Zot
  9060 | D        | Noticed a nagaraja
  9060 | D        | Noticed a nagaraja
  9060 | D        | Noticed a nagaraja
  9064 | D        | Killed a nagaraja
  9065 | D        | Noticed a nagaraja
  9077 | D        | Killed a nagaraja
  9082 | D        | Killed a nagaraja
  9083 | D        | Noticed a nagaraja
  9085 | D        | Killed a nagaraja
  9089 | D        | Noticed a nagaraja
  9102 | D        | Killed a nagaraja
  9116 | D        | Killed a nagaraja
  9409 | D        | Reached skill level 15 in Spellcasting
  9466 | D        | Got a decaying rune of Zot
 10329 | D        | Got a serpentine rune of Zot
 10406 | D        | Reached XP level 15. HP: 86/86 MP: 35/35
 10787 | D        | Noticed a vault warden
 10799 | D        | Noticed a tengu reaver
 10808 | D        | Killed a vault warden
 10819 | D        | Killed a tengu reaver
 10824 | D        | Noticed a shadow dragon
 10827 | D        | Noticed a shadow dragon
 10842 | D        | Noticed a sphinx
 10850 | D        | Killed a shadow dragon
 10850 | D        | Reached skill level 27 in Dodging
 10869 | D        | HP: 4/87 [sphinx/divine providence (9)]
 10872 | D        | Killed a shadow dragon
 11175 | D        | Killed a sphinx
 11526 | D        | Noticed a shadow dragon
 11526 | D        | Noticed a lich
 11526 | D        | Noticed a tentacled monstrosity
 11526 | D        | Noticed a shadow dragon
 11541 | D        | Killed a shadow dragon
 11542 | D        | Noticed a shadow dragon
 11546 | D        | Killed a lich
 11546 | D        | Reached skill level 27 in Unarmed Combat
 11547 | D        | Noticed a shadow dragon
 11553 | D        | Killed a tentacled monstrosity
 11570 | D        | Killed a shadow dragon
 11982 | D        | Killed a shadow dragon
 11982 | D        | Reached XP level 16. HP: 94/94 MP: 30/39
 11990 | D        | Killed a shadow dragon
 12005 | D        | Got a silver rune of Zot
 12184 | D        | Noticed Louise
 12199 | D        | Killed Louise
 12231 | D        | Noticed Saint Roka
 12257 | D        | Killed Saint Roka
 12637 | D        | Got the ring "Ocyibrux" {Fire rN++ Int-4 Dex+8 Stlth-}
 12645 | D        | Got the ring "Ziraupp" {rC++ Str+3 Int+4}
 12647 | D        | Got the ring "Womona" {Wiz +Inv rF+}
 12649 | D        | Got the amulet of the Stallion {Reflect Int+5 SH+5}
 12716 | D        | Noticed a tengu reaver
 12719 | D        | Noticed Sojobo
 12720 | D        | Noticed a tengu reaver
 12728 | D        | Killed a tengu reaver
 12752 | D        | HP: 4/94 [Sojobo/the air (28)]
 12757 | D        | Killed from afar by Sojobo
 12758 | D        | Reached XP level 15. HP: -6/90 MP: 0/39
 12765 | D        | Noticed a ghost moth
 12767 | D        | Noticed a tentacled monstrosity
 12771 | D        | Noticed a mottled draconian knight
 12796 | D        | Killed a tentacled monstrosity
 12799 | D        | Killed a ghost moth
 12811 | D        | Killed a mottled draconian knight
 12811 | D        | Reached skill level 27 in Stealth
 13060 | D        | Noticed a mottled draconian knight
 13060 | D        | Noticed a storm dragon
 13060 | D        | Noticed a golden dragon
 13060 | D        | Noticed a storm dragon
 13060 | D        | Noticed a golden dragon
 13061 | D        | Noticed a storm dragon
 13062 | D        | Killed a golden dragon
 13063 | D        | Noticed a tentacled monstrosity
 13071 | D        | Killed a storm dragon
 13077 | D        | Killed a golden dragon
 13091 | D        | Killed a tentacled monstrosity
 13098 | D        | Killed a storm dragon
 13108 | D        | Killed a mottled draconian knight
 13115 | D        | Killed a storm dragon
 13115 | D        | Killed from afar by a white draconian
 13116 | D        | Reached XP level 14. HP: -1/133 MP: 0/40
 13129 | D        | Killed a tengu reaver
 13211 | D        | Killed Sojobo
 13211 | D        | Reached XP level 15. HP: 94/94 MP: 24/42
 13508 | D        | Noticed Nikola
 13510 | D        | Noticed Boris
 13515 | D        | Killed Nikola
 13528 | D        | Killed Boris
 13682 | D        | Noticed Jory
 13696 | D        | Killed Jory
 13696 | D        | Reached skill level 27 in Fighting
 13855 | D        | Noticed a frost giant
 13879 | D        | Killed a frost giant
 13909 | D        | Noticed a bone dragon
 13909 | D        | Noticed a golden dragon
 13914 | D        | Noticed a golden dragon
 13931 | D        | Killed a bone dragon
 13936 | D        | Killed a golden dragon
 13968 | D        | Killed a golden dragon
 13986 | D        | Reached skill level 27 in Spellcasting
 14391 | D        | Noticed a death cob
 14391 | D        | Noticed a shadow dragon
 14399 | D        | Reached XP level 16. HP: 100/100 MP: 48/48
 14404 | D        | Killed a death cob
 14405 | D        | Noticed a death cob
 14419 | D        | Reached skill level 10 in Evocations
 14426 | D        | Killed a shadow dragon
 14431 | D        | Killed a death cob
 14483 | D        | Noticed a death cob
 14483 | D        | Noticed a quicksilver dragon
 14484 | D        | Noticed a golden dragon
 14486 | D        | Noticed a death cob
 14505 | D        | Killed a death cob
 14505 | D        | Reached skill level 15 in Evocations
 14515 | D        | Killed a golden dragon
 14519 | D        | Killed a quicksilver dragon
 14523 | D        | Killed a death cob
 14884 | D        | Noticed an Orb Guardian
 14884 | D        | Noticed an Orb Guardian
 14884 | D        | Noticed an Orb Guardian
 14884 | D        | Noticed an Orb Guardian
 14884 | D        | Noticed an Orb Guardian
 14884 | D        | Noticed an Orb Guardian
 14886 | D        | Noticed an Orb Guardian
 14887 | D        | Killed an Orb Guardian
 14890 | D        | Killed an Orb Guardian
 14894 | D        | Killed an Orb Guardian
 14897 | D        | Killed an Orb Guardian
 14898 | D        | Noticed an Orb Guardian
 14902 | D        | Killed an Orb Guardian
 14906 | D        | Killed an Orb Guardian
 14907 | D        | Noticed an Orb Guardian
 14912 | D        | Killed an Orb Guardian
 14915 | D        | Killed an Orb Guardian
 14916 | D        | Noticed an Orb Guardian
 14918 | D        | Killed an Orb Guardian
 14924 | D        | Killed an Orb Guardian
 14964 | D        | Noticed an Orb Guardian
 14964 | D        | Noticed an Orb Guardian
 14964 | D        | Noticed a quicksilver dragon
 14965 | D        | Noticed an Orb Guardian
 14967 | D        | Noticed an Orb Guardian
 14975 | D        | Killed an Orb Guardian
 14978 | D        | Killed an Orb Guardian
 14978 | D        | Reached XP level 17. HP: 104/104 MP: 42/49
 14987 | D        | Killed a quicksilver dragon
 14991 | D        | Killed an Orb Guardian
 14997 | D        | Killed an Orb Guardian
 14997 | D        | Reached skill level 27 in Evocations
 15028 | D        | Lost mutation: You possess an exceptional clarity of mind. [mutagenic meat]
 15029 | D        | Gained mutation: You expend magic power (3 MP) to strengthen your wands. [mutagenic meat]
 15030 | D        | Gained mutation: You have a pair of small antennae on your head. [mutagenic meat]
 15031 | D        | Gained mutation: You tend to lose your temper in combat. [mutagenic meat]
 15037 | D        | Noticed an ancient lich
 15039 | D        | Killed an ancient lich
 15042 | D        | Noticed an orb of fire
 15044 | D        | Killed an orb of fire
 15046 | D        | Noticed an electric golem
 15048 | D        | Killed an electric golem
 15050 | D        | Noticed a tentacled monstrosity
 15050 | D        | Noticed a tentacled monstrosity
 15050 | D        | Noticed an Orb Guardian
 15053 | D        | Noticed an orb of fire
 15058 | D        | Killed a tentacled monstrosity
 15061 | D        | Killed a tentacled monstrosity
 15072 | D        | Noticed a quicksilver dragon
 15075 | D        | Killed an Orb Guardian
 15077 | D        | Noticed a golden dragon
 15082 | D        | Noticed an electric golem
 15086 | D        | Killed an orb of fire
 15092 | D        | Noticed an ancient lich
 15097 | D        | Killed a quicksilver dragon
 15103 | D        | HP: 2/156 [golden dragon (18)]
 15105 | D        | Killed a golden dragon
 15109 | D        | Killed an electric golem
 15632 | D        | Blown up by an ancient lich
 15633 | D        | Reached XP level 16. HP: -27/100 MP: 0/48
 15701 | D        | Killed an ancient lich
 15701 | D        | Reached XP level 17. HP: 59/104 MP: 18/49
 16284 | D        | Noticed an Orb Guardian
 16284 | D        | Noticed an Orb Guardian
 16284 | D        | Noticed an Orb Guardian
 16284 | D        | Noticed an Orb Guardian
 16284 | D        | Noticed an Orb Guardian
 16284 | D        | Noticed an Orb Guardian
 16291 | D        | Killed an Orb Guardian
 16292 | D        | Noticed an Orb Guardian
 16298 | D        | Killed an Orb Guardian
 16299 | D        | Noticed an Orb Guardian
 16301 | D        | Killed an Orb Guardian
 16304 | D        | Killed an Orb Guardian
 16305 | D        | Noticed an Orb Guardian
 16309 | D        | Noticed an Orb Guardian
 16309 | D        | Killed an Orb Guardian
 16315 | D        | Killed an Orb Guardian
 16317 | D        | Killed an Orb Guardian
 16319 | D        | Killed an Orb Guardian
 16324 | D        | Slain by an Orb Guardian

Skill      XL: |  1  2  3  4  5  6  7  8  9 10 11 12 13 14 15 16 17 |
---------------+----------------------------------------------------+-----
Stealth        | 4 5 6 7 10 11 12 14 15 18 21 27 26 | 27.0
Fighting       | 4 5 6 7 8 9 11 12 15 16 19 26 27 | 27.0
Dodging        | 5 6 7 8 10 11 12 13 15 19 20 24 25 27 | 27.0
Unarmed Combat | 5 6 7 8 10 11 13 14 16 20 22 24 25 27 | 27.0
Spellcasting   | 6 9 13 22 27 19 | 27.0
Evocations     | 6 25 27 | 27.0

Action                   |  1- 3 |  4- 6 |  7- 9 | 10-12 | 13-15 | 16-18 || total
-------------------------+-------+-------+-------+-------+-------+-------++-------
Melee: Unarmed           |    18 |    20 |    46 |   267 |   834 |   288 ||  1473
       Bite              |     2 |     4 |     5 |    35 |   164 |    55 ||   265
       Punch             |       |     2 |     1 |    29 |   132 |    48 ||   212
Invok: Trog's Hand       |     1 |     1 |       |    18 |    38 |    13 ||    71
       Berserk           |     1 |     1 |       |    11 |    26 |    10 ||    49
       Brothers in Arms  |       |     1 |       |    11 |    11 |     3 ||    26
Evoke: Wand              |       |       |       |       |     5 |       ||     5
  Use: Potion            |       |     1 |     2 |     4 |     7 |     9 ||    23
       Scroll            |       |       |       |     2 |     3 |       ||     5
 Stab: Invisible         |       |       |     7 |     1 |       |       ||     8
       Sleeping          |       |       |     9 |    11 |    10 |     7 ||    37
       Distracted        |       |       |       |       |     1 |     1 ||     2
  Eat: Chunk             |       |     6 |     4 |    16 |    33 |     9 ||    68
       Meat ration       |       |       |       |     3 |     4 |     2 ||     9
Armor: Skin              |       |       |     1 |     1 |     7 |     3 ||    12
Dodge: Dodged            |     9 |     9 |    22 |   240 |   629 |   191 ||  1100
